Cogmind - Beta 13 @@@ ROGUE MODE // 2024.07.03 @ 20:08:45 Player: maykstuff Result: Destroyed by exploding Fusion Modulator Performance ------------- Evolutions (0) 0 Regions Visited (1) 200 Robots Destroyed (14) 70 Value Destroyed (390) 390 Prototype IDs (0) 0 Alien Tech Used (0) 0 Bonus (0) 0 TOTAL SCORE: 660 Bonus ------- None Cogmind --------- Core Integrity 0/250 Matter 300/300 Energy 100/100 System Corruption 0% Temperature Cool (12) Movement Treading (160) Location -10/Materials Parts ------- > --- POWER (1) -------- (None) > --- PROPULSION (2) --- Light Treads Light Treads > --- UTILITY (2) ------ Signal Interpreter > --- WEAPON (2) ------- Light Assault Rifle > --- INVENTORY (5) ---- Hacking Suite Authchip [R/Combat] Datajack Peak State ------------ > --- POWER ------------ Ion Engine > --- PROPULSION ------- Flight Unit Flight Unit > --- UTILITY ---------- Signal Interpreter Tractor Beam > --- WEAPON ----------- Light Assault Rifle Light Assault Rifle > --- INVENTORY -------- Light Treads Light Treads Hacking Suite Authchip [R/Combat] Datajack [Rating: 8] Favorites ----------- Power Ion Engine Engine Ion Engine Propulsion Flight Unit Treads Light Treads Leg Aluminum Leg Wheel Compact Wheel Flight Unit Flight Unit Utility Signal Interpreter Device Tractor Beam Storage Small Storage Unit Processor Signal Interpreter Weapon Light Assault Rifle Energy Gun Small Laser Ballistic Gun Light Assault Rifle Build | -11 -10 ------- Run | Yrd Mat Slots Evolved . | . . Power . | . . Propulsion . | . . Utility . | . . Weapon . | . . Parts Attached 19 | 8 11 Power 2 | 1 1 Engine 2 | 1 1 Core . | . . Reactor . | . . Propulsion 10 | 4 6 Treads 4 | 2 2 Leg 2 | . 2 Wheel 2 | 2 . Hover . | . . Flight 2 | . 2 Utility 3 | 1 2 Device 1 | . 1 Storage 1 | 1 . Processor 1 | . 1 Hackware . | . . Protection . | . . Artifact . | . . Weapon 4 | 2 2 Energy Gun 1 | . 1 Energy Cannon . | . . Ballistic Gun 3 | 2 1 Ballistic Cannon . | . . Launcher . | . . Special Weapon . | . . Impact Weapon . | . . Slashing Weapon . | . . Piercing Weapon . | . . Special Melee Weapon . | . . Unidentified Prototypes . | . . Parts Lost 8 | . 8 Power 2 | . 2 Propulsion 3 | . 3 Utility 1 | . 1 Weapon 2 | . 2 Highest Loss Streak 4 | . 4 To Critical Strikes . | . . Average Slot Usage (%) 84 | . 84 Engine 9 | . 9 Treads 4 | . 4 Leg 4 | . 4 Wheel 6 | . 6 Flight 12 | . 12 Device 8 | . 8 Storage 5 | . 5 Processor 8 | . 8 Energy Gun 2 | . 2 Ballistic Gun 22 | . 22 Naked Turns . | . . Heaviest Build 12 | 11 12 Greatest Support 40 | 40 40 Greatest Overweight (x) 3 | . 3 Average Overweight (x) . | . . Largest Inventory Capacity 8 | 8 8 Average Capacity 6 | 7 6 Most Carried 7 | 7 7 Average Carried 5 | 5 5 Final Capacity 8 | 8 5 Final Carried 6 | 6 3 Class Distribution -------------------- 100% | Mutant Dominant Class ---------------- Mutant | -10/Materials Resources | -11 -10 ----------- Run | Yrd Mat Matter Collected 502 | 166 336 Remotely 171 | . 171 Salvage Created 471 | . 471 Parts 28 | . 28 Haulers Intercepted . | . . Recyclers Shooed . | . . Parts Field Recycled . | . . Retrieved Matter . | . . Parts Self-Destructed . | . . Prevented . | . . Kills | -11 -10 ------- Run | Yrd Mat Combat Hostiles Destroyed 12 | . 12 Guns 12 | . 12 Classes Destroyed 4 | . 4 Worker 1 | . 1 Operator 1 | . 1 Swarmer 2 | . 2 Grunt 10 | . 10 Best Kill Streak 7 | . 7 Combat Bots Only 3 | . 3 Max Kills in Single Turn 1 | . 1 Gunslinging . | . . Exploded . | . . Melee . | . . Uniques/NPCs Destroyed . | . . Combat | -11 -10 -------- Run | Yrd Mat Hostile Shots Fired 122 | . 122 Missed 41 | . 41 Damage Taken 927 | . 927 Core 319 | . 319 Absorbed by Shields . | . . Core Remaining (%) 100 | 100 . Volleys Fired 74 | . 74 Largest 2 | . 2 Hottest 40 | . 40 Shots Fired 123 | . 123 Gun 123 | . 123 Cannon . | . . Launcher . | . . Special . | . . Kinetic 123 | . 123 Thermal . | . . Explosive . | . . Electromagnetic . | . . Robot Hit Streak 11 | . 11 Robot Miss Streak 4 | . 4 Penetration Max . | . . Secondary Targets 2 | . 2 Max Gunslinging Chain 1 | . 1 Shots Hit Robots 81 | . 81 Core Hits 35 | . 35 Critical Kills . | . . Critical Parts Destroyed . | . . Critical Strikes . | . . Melee Attacks . | . . Impact . | . . Slashing . | . . Piercing . | . . Sneak Attacks . | . . Combat Hostiles . | . . Follow-up Attacks . | . . Damage Inflicted 712 | . 712 Guns 712 | . 712 Cannons . | . . Explosions . | . . Melee . | . . Ramming . | . . Kinetic 712 | . 712 Thermal . | . . Explosive . | . . Electromagnetic . | . . Impact . | . . Slashing . | . . Piercing . | . . Highest Corruption . | . . Average Corruption . | . . Corruption Purged . | . . Corruption Blocked . | . . Overload Shots . | . . Overflow Damage . | . . Projectiles . | . . Explosions . | . . Melee . | . . Knockbacks . | . . Impact . | . . Kinetic . | . . Secondary . | . . Self-Inflicted Damage . | . . Shots . | . . Rammed 1 | . 1 Targets Rammed 2 | . 2 Kicked 1 | . 1 Crushed . | . . Highest Temperature 31 | . 31 Average Temperature 6 | . 6 Received Heat Transfer 303 | . 303 Siege Activations . | . . Robots Corrupted . | . . Combat Hostiles . | . . Parts Fried . | . . Impact Corruptions . | . . Robots Melted . | . . Combat Hostiles . | . . Parts Melted . | . . Heat Transferred . | . . Parts Sabotaged . | . . Parts Stolen . | . . Parts Stripped . | . . Power Chain Reactions . | . . Alert | -11 -10 ------- Run | Yrd Mat Peak Influence 292 | . 292 Initial . | . . Average 80 | . 100 Maximum Alert Level 1 | . 1 Low Security (%) 92 | 100 90 Level 1 7 | . 9 Level 2 . | . . Level 3 . | . . Level 4 . | . . Level 5 . | . . High Security . | . . Max Security . | . . Squads Dispatched 4 | . 4 Investigation 2 | . 2 Extermination . | . . Reinforcement 2 | . 2 Assault . | . . Garrison . | . . Intercept . | . . Searches Triggered . | . . Construction Impeded . | . . Haulers Reinforced . | . . Active Scanning Responses . | . . Cargo Convoy Interrupts . | . . Stealth | -11 -10 --------- Run | Yrd Mat Distress Signals 1 | . 1 Communications Jammed . | . . Distress Signals . | . . Times Spotted 30 | . 30 Peak Tracking Total 4 | . 4 Tactical Retreats 1 | . 1 Traps | -11 -10 ------- Run | Yrd Mat Traps Triggered 1 | . 1 Indirectly . | . . Trap Hack Attempts . | . . Triggered . | . . Disarmed . | . . Reprogrammed . | . . Reused . | . . Traps Extracted . | . . Installed . | . . Triggered . | . . Machines | -11 -10 ---------- Run | Yrd Mat Machines Disabled . | . . Max in Single Turn . | . . Machines Repaired . | . . Machines Dismantled . | . . Machines Sabotaged . | . . Overloaded Fab Kills . | . . Hacking | -11 -10 --------- Run | Yrd Mat Machines Accessed 4 | . 4 Terminals 3 | . 3 Fabricators . | . . Repair Stations . | . . Recycling Units 1 | . 1 Scanalyzers . | . . Garrison Access . | . . Total Hacks 11 | . 11 Successful 5 | . 5 Failed 6 | . 6 Catastrophic 1 | . 1 Database Lockouts . | . . Manual . | . . Terminals 8 | . 8 Fabricators . | . . Repair Stations . | . . Recycling Units 3 | . 3 Scanalyzers . | . . Garrison Access . | . . Terminal Hacks 3 | . 3 Hauler Manifests 1 | . 1 Registered Components 1 | . 1 Zone Layout 1 | . 1 Fabricator Hacks . | . . Repair Station Hacks . | . . Recycling Unit Hacks 2 | . 2 Report Inventory 1 | . 1 Retrieve Components 1 | . 1 Scanalyzer . | . . Garrison Access Hacks . | . . Unauthorized Hacks . | . . Terminals . | . . Fabricators . | . . Repair Stations . | . . Recycling Units . | . . Scanalyzers . | . . Garrison Access . | . . Data Cores Recovered . | . . Used . | . . Hacking Detections 4 | . 4 Full Trace Events 2 | . 2 Feedback Events . | . . Feedback Blocked . | . . Robot Schematics Acquired . | . . Robots Built . | . . Authchips . | . . Time . | . . Total Robot Build Rating . | . . Part Schematics Acquired . | . . Parts Built . | . . Authchips . | . . Time . | . . Total Part Build Rating . | . . Parts Repaired . | . . Time . | . . Parts Recycled . | . . Recycled Matter . | . . Retrieved Matter . | . . Retrieved Components 2 | . 2 Parts Scanalyzed . | . . Part Schematics Acquired . | . . Parts Damaged . | . . Bothacking | -11 -10 ------------ Run | Yrd Mat Used RIF Installer . | . . Robots Hacked . | . . Non-combat . | . . Combat . | . . Robot Hacks Applied . | . . Relay Couplers Released . | . . Fabnet Peak Effective % . | . . Robots Rewired . | . . Allies Hacked . | . . Hacks Repelled . | . . Allies | -11 -10 -------- Run | Yrd Mat Total Allies . | . . Largest Group . | . . Highest-Rated Group . | . . Highest-Rated Ally . | . . Total Orders . | . . Ally Attacks . | . . Total Damage . | . . Kills . | . . Allies Corrupted . | . . Allies Melted . | . . Intel | -11 -10 ------- Run | Yrd Mat Robot Analysis Total . | . . Derelict Logs Recovered . | . . Drone Launches . | . . Drone Recoveries . | . . Exploration | -11 -10 ------------- Run | Yrd Mat Turns Passed 693 | 136 557 Spaces Moved 598 | 85 513 Core 2 | 1 1 Treads 105 | 59 46 Legs 63 | . 63 Wheels 89 | 25 64 Hover . | . . Flight 339 | . 339 Fastest Speed 37 | 50 37 Average Speed 75 | 138 65 Slowest Speed 200 | 160 200 Overloaded Moves . | . . Propulsion Burnouts . | . . Robots Hopped 3 | . 3 Cave-ins Triggered . | . . Exploration Rate (%) 41 | 5 77 Regions Visited 1 Branch Regions . Pre-discovered Areas . | . . Known Exits Taken . | . . Unknown Exits Taken 1 | 1 . Scrap Searched . | . . Spaces Dug . | . . Terrain Destroyed . | . . Melee . | . . Projectile . | . . AOE . | . . Terrain Rammed . | . . Walls Destroyed . | . . Machines Disabled . | . . Actions | -11 -10 --------- Run | Yrd Mat Total 727 | 99 628 Wait 20 | . 20 Move 591 | 84 507 Hop 3 | . 3 Pick Up 12 | 7 5 Fast Attach 10 | 5 5 Attach 5 | 1 4 Detach . | . . Swap 4 | 2 2 Drop 6 | . 6 Fire 74 | . 74 Melee . | . . Ram . | . . Kick 1 | . 1 Crush 1 | . 1 Escape Stasis . | . . Rewire . | . . Trap . | . . Miscellaneous . | . . Route ------- -11/Scrapyard -10/Materials (discovered 3 exits: *Mat x3) History --------- Turn | Location | Event 14 | -11/Scrapyard | Discovered new exit (range 16) 137 | -11/Scrapyard | Entered Materials 262 | -10/Materials | Discovered new exit (range 16) 273 | -10/Materials | Lost 3 parts (1p1n1w) 300 | -10/Materials | Build established: Mutant 372 | -10/Materials | Discovered new exit (range 12) 388 | -10/Materials | Identified exit to Materials 416 | -10/Materials | Core integrity fell below 50% 435 | -10/Materials | Discovered exit to Materials (range 16) 586 | -10/Materials | Core integrity fell below 20% 637 | -10/Materials | Lost 4 parts (1p2n1w) 694 | -10/Materials | Destroyed by exploding Fusion Modulator Last Messages --------------- 00570_ Ion Engine destroyed. 00580_ M-13 Machinist repairs G-47 Trooper. 00584_ G-34 Mercenary destroyed. 00585_ Acquired 9 matter. 00585_ Critical hit (Burn: +37). 00588_ Acquired 2 matter. 00600_ Lgt. Assault Rifle destroyed. 00604_ Acquired 1 matter. 00606_ Flight Unit destroyed. 00609_ Acquired 1 matter. 00610_ G-47 Trooper destroyed. 00611_ Acquired 1 matter. 00613_ Acquired 9 matter. 00613_ Acquired 1 matter. 00614_ Acquired 10 matter. 00623_ Acquired 1 matter. 00667_ Slammed into T-07 Excavator. 00693_ Tractor Beam destroyed. 00694_ Fusion Modulator explodes. 00694_ S-10 Pest destroyed. Map ----- +----------------------------------------------------+ | | | | | | | | | | | | | | | | | | | | | | | | | | | | | | | | | | | | | ?????????????????????????????????????????????????? | | ?????????????????????????????????????????????????? | | ?????????????????????????????????????????????????? | | ?????????????????????????????????????????????????? | | ?????????????????????????????????????????????????? | | ??????????????????????########???????????????????? | | ??????????????????????# T #???????????????????? | | ??????????????????#####[ @ #???????????????????? | | ??????????????????# #%% #???????????????????? | | ??????????????????# < #= #???????????????????? | | ??????????????????# #[ #???????????????????? | | ?????????????????## ^; #???????????????????? | | ?????????????????#T ########???????????????????? | | ?????????????????## ########???????????????????? | | ????????########### # #???????????????????? | | ######### | # # #???????????????????? | | # # # " #???????????????????? | | # # # """ #???????????????????? | | # ==! + # """ #???????????????????? | | # =! # # """ #???????????????????? | | # =! ! # +% "" #???????????????????? | | # ! # # """ + ???????????????? | | % # # # "" # ? ????????????????? | | ########### #! "" #####???????????????? | | ##+######?????????# # " # #???????????????? | | ############## # # #???????????????? | | # #! #???????????????? | | ####+### #???????????????? | | #??# #?# #???????????????? | | ##########+#######??# #?# #???????????????? | | # ####??????? ??????## ### #??????? ????? | | # #?????????#]]! #????# ###+##????? ????? | +----------------------------------------------------+ Best States ------------- Heat Dissipation 25 Energy Generation 10 Energy Capacity 250 Matter Stores 300 Matter Capacity 300 Sight Range 16 Terrain Scan Density 10 Evasion (%) 62 Recoil Reduction 2 Authchip Count 1 Item Schematics ----------------- None Robot Schematics ------------------ None Fabricated ------------ Nothing Alien Tech Used ----------------- None Achievements -------------- None Challenges ------------ None Game ------ Seed SingularityFusionUnit Manual? 0 Play Time 00:09:09 Cumulative 7.5 hours Start 2024.07.03 @ 19:59:35 End 2024.07.03 @ 20:08:45 Sessions 1 Manual Loads 0 Difficulty Rogue Special Mode None Game No. 12 Rogue 12 Adventurer 0 Explorer 0 Win Type - Total 0 Types 0/0/0/0/0/0/0/0/0 Lore% 10 Gallery% 13 Achievement% 16 Wizard Run 0 Options --------- Layout 1 ASCII 1 Keyboard 0 Movement Numpad Keybinds 0 Fullscreen 1 Font 24/Proggy Map View 50x35 Zoom Use 0% Tactical HUD 1 Map Filters NONE Filters NONE Steam 0 RUN: cf83ec79-5f2d-45b5-ad88-2ad38b81a56b